cohdb
Replays
Latest Replays
All Replays
Popular Replays
Top Player Replays
Match Explorer
How It Works
Community
CoH3 Stats
Reddit
Sign in to upload your games and track your stats! →
Sign in with Steam
Match 42939298
Unlisted
Match 42939298
Overview
Messages
Build Orders
End
Kradschützen Motorcycle Team
Panzergrenadier Squad
Selects Italian Infantry
250 Light Carrier
Panzerpioneer Squad
Construct Light Support Kompanie
2.5-tonne Medical Truck
Panzergrenadier Squad
Fire Support Elements
Panzerjäger Mechanized Group
Selects Defensive Operations
Panzerpioneer Squad
le.IG 18 Support Gun Team
Panzerjäger Squad
Panzerjäger Mechanized Group
Construct Panzerarmee Kommand
Vehicle Survival Package
Selects Prepared Positions
Selects Obice 305mm Barrage
Selects Territory Booby Traps
Selects Obice 305mm Barrage
Panzerpioneer Squad
Panzerpioneer Squad
Selects Guastatori Squad
Selects Registered Artillery
Pak 38 Mechanized Group
Commander Toby
Aherion
BUBBA_ACTUAL
JollyRedRockett
0
0
Comments
sign in to comment!
No comments posted yet!